AoeStats
← qaz1227

Black Forest

510291387Analyzed
4v4 RM · 8h ago on Sep 30, 2026· 25m 37s· 8 players
Game mode
Random Map
Map size
Large (8 player)
Population
200
Speed
Normal
Resources
Standard
Victory
Conquest
Starting age
Dark Age
Ending age
Imperial Age
RankedLock teamsTeams togetherTeam positionsShared explorationLock speedFull tech treeHidden civsTurbo modeCheats
Victory
Defeat
🇹🇼 Spanish · Taiwan
1474
+6
1218
+14
🇹🇼 Magyars · Taiwan
1199
+15
🇹🇼 Vietnamese · Taiwan
947
+23
🇩🇪 Berbers · Germany
1234
-17
🇪🇸 Khmer · Spain
1182
-15
🇳🇴 Danes · Norway
1147
-13
🇧🇪 Franks · Belgium
1145
-13
Junyou
0:26 Loom
12:19 Feudal Age
16:09 Castle Age
13:56 Double-Bit Axe
16:59 Gold Mining
24:27 Town Watch
25:18 Wheelbarrow
qaz1227
10:23 Loom
12:39 Feudal Age
13:19 Double-Bit Axe
18:50 Castle Age
16:35 Fishing Lines
19:10 Horse Collar
20:14 Bow Saw
20:31 Gillnets
23:26 Wheelbarrow
23:33 Wheelbarrow
23:01 Scale Mail Armor
23:58 Chain Mail Armor
23:54 Heavy Plow
24:14 Gold Mining
24:52 Bloodlines
25:37 Husbandry
大丈夫岂能郁郁久居于
0:37 Loom
12:09 Feudal Age
13:31 Double-Bit Axe
16:09 Castle Age
14:15 Horse Collar
15:55 Wheelbarrow
18:11 Bow Saw
20:41 Hand Cart
21:13 Heavy Plow
24:27 Gold Mining
Yanai
15:20 Feudal Age
22:06 Castle Age
22:02 Double-Bit Axe
24:56 Bow Saw
[O_o] Killerhand
5:24 Loom
11:55 Feudal Age
20:21 Castle Age
18:58 Fishing Lines
24:32 Stone Mining
24:46 Fletching
hakki
1:01 Loom
11:31 Feudal Age
12:05 Double-Bit Axe
17:32 Castle Age
15:57 Gold Mining
16:36 Stone Mining
18:25 Wheelbarrow
Omega_U
0:30 Loom
13:05 Feudal Age
13:56 Double-Bit Axe
13:55 Horse Collar
15:06 Wheelbarrow
20:26 Castle Age
22:29 Heavy Plow
WolfAtic
5:05 Loom
13:12 Feudal Age
13:43 Double-Bit Axe
14:32 Fishing Lines
15:10 Horse Collar
19:30 Castle Age
20:30 Bow Saw
23:48 Elite Skirmisher
Connection lost

Rejoining the realm…

Still unreachable

The connection could not be restored.

Session expired

The server has moved on; the page needs a fresh start.